 Dungeon Sprint DCSS version 0.18-a0-1350-g404b4cb (webtiles) character file.

3788 Kidiri the Covert (level 9, -11/45 (47) HPs)
             Began as a Spriggan Enchanter on Feb 19, 2016.
             Was a Follower of Dithmenos.
             Mangled by a sphinx (15 damage)
             ... while paralysed by a sphinx
             ... in the Dungeon (Sprint II: "The Violet Keep of Menkaure").
             The game lasted 00:08:19 (888 turns).

Kidiri the Covert (Spriggan Enchanter)               Turns: 888, Time: 00:08:19

HP:   -11/45 (47)   AC:  9    Str:  8    XL:     9   Next: 95%
MP:   20/25         EV:  4    Int: 20    God:    Dithmenos [*.....]
Gold: 677           SH:  0    Dex: 18    Spells: 9 memorised, 4 levels left

rFire  . . .     SeeInvis +     B - +2 dagger (speed)
rCold  + . .     Gourm    .     l - +0 robe of Coronation {rC+ Int+2 Stlth+}
rNeg   . . .     Faith    .     (shield restricted)
rPois  .         Spirit   .     m - +2 hat
rElec  .         Dismiss  .     k - +4 cloak of Necvum {*Corrode Str+4 Slay-5 Stlth+}
rCorr  +         Reflect  .     (gloves unavailable)
SustAt .         Harm     .     (boots unavailable)
MR     +....     NoTele   +     (no amulet)
Stlth  ++++++++++               (no ring)
                                y - ring of resist corrosion

@: paralysed, slowed, wreathed by umbra, very quick, somewhat resistant to
hostile enchantments, uncannily stealthy
A: unfitting armour, see invisible, herbivore 3, speed 3, slow metabolism 2
a: Renounce Religion


You were in the Dungeon.
You worshipped Dithmenos.
Dithmenos was aware of your devotion.
You were not hungry.

You visited 1 branch You collected 1446 gold pieces.
You spent 769 gold pieces at shops.

Inventory:

Hand Weapons
 B - a +2 dagger of speed (weapon)
Missiles
 n - a throwing net (quivered)
Armour
 k - the +4 cloak of Necvum (worn) {*Corrode Str+4 Slay-5 Stlth+}
   (You bought it in a shop in the Dungeon)

   It affects your strength (+4).
   It affects your accuracy and damage with ranged weapons and melee attacks
   (-5).
   It may corrode your equipment when you take damage.
   It makes you more stealthy.
 l - the +0 robe of Coronation (worn) {rC+ Int+2 Stlth+}
   (You bought it in a shop in the Dungeon)

   It affects your intelligence (+2).
   It protects you from cold.
   It makes you more stealthy.
 m - a +2 hat (worn)
Jewellery
 y - a ring of resist corrosion (left hand)
Scrolls
 j - a scroll of blinking
 o - 2 scrolls of fog {unknown}
 q - 4 scrolls of remove curse
 s - 3 scrolls of magic mapping {unknown}
 t - a scroll of amnesia {unknown}
 v - a scroll of enchant armour {unknown}
 z - a scroll of random uselessness {unknown}
Potions
 e - 3 potions of curing
 f - a potion of heal wounds
 g - a potion of haste
 h - 5 potions of magic
 r - 3 potions of resistance
 w - a potion of mutation
 x - 3 potions of flight
Comestibles
 d - a bread ration
 u - 11 fruits


   Skills:
 + Level 5.3 Fighting
 * Level 10.3 Short Blades
 + Level 4.9 Armour
 * Level 13.0 Dodging
 * Level 14.4 Stealth
 * Level 11.3 Spellcasting
 + Level 3.7 Conjurations
 + Level 8.8 Hexes
 + Level 2.5 Transmutations
 + Level 4.2 Ice Magic
 + Level 1.8 Earth Magic
 + Level 2.0 Invocations


You had 4 spell levels left.
You knew the following spells:

 Your Spells              Type           Power        Failure   Level  Hunger
a - Corona                Hex            #####..      1%          1    None
b - Ensorcelled Hibernat  Hex/Ice        #####.       1%          2    None
c - Confuse               Hex            #####...     1%          3    None
d - Tukima's Dance        Hex            #####...     1%          3    None
e - Dazzling Spray        Conj/Hex       #####...     1%          3    None
f - Passwall              Trmt/Erth      ###.......   3%          2    None
g - Stone Arrow           Conj/Erth      ###...       8%          3    None
h - Petrify               Trmt/Erth      ###.....     24%         4    ##.....
i - Lee's Rapid Deconstr  Erth           ###.......   82%         5    ####...


Dungeon Overview and Level Annotations

Branches:
Dungeon (1/1)

Altars:
Cheibriados
Dithmenos
Elyvilon
Fedhas
Gozag
Kikubaaqudgha
Makhleb
Nemelex Xobeh
Okawaru
Pakellas
Qazlal
Ru
Sif Muna
Trog
Vehumet
Xom
Yredelemnul
Zin
The Shining One
Beogh
Jiyva
Lugonu

Shops:
D :[!:[?:%=*=!(}(!

Annotations:
D exclusion: oklob plant


Innate Abilities, Weirdness & Mutations

You are tiny and cannot use many weapons and most armour.
You have supernaturally acute eyesight.
You are an herbivore.
You cover ground extremely quickly.
You need consume almost no food.


Message History

The sphinx is severely wounded.
The sphinx barely misses you. The sphinx completely misses you. x2
The sphinx casts a spell.
You suddenly lose the ability to move!
The sphinx hits you! x2; The sphinx hits you but does no damage. x2
The sphinx barely misses you. The sphinx hits you!
The sphinx mumbles some strange words.
You resist with significant effort.
The sphinx is no longer blind.
The sphinx mumbles some strange words.
You resist with significant effort. The sphinx hits you. The sphinx hits you!
* * * LOW HITPOINT WARNING * * *
The sphinx hits you.
* * * LOW HITPOINT WARNING * * *
The sphinx mumbles some strange words.
You feel yourself slow down.
The sphinx mumbles some strange words.
You resist with significant effort. The sphinx hits you!
You die...

.#▓........▓▓
##▓▓▓▓▓▓▓+▓▓▓▓+▓
≈≈≈≈≈≈≈≈≈...≈≈≈▓
#######+###.X≈≈▓
._._..#§§§##≈≈≈▓
_._._.#≈§§≈####▓▓▓▓▓
._._..#≈≈§§§##..#$$▓
_._._.#§§≈§§§#..#H.▓
._._..#≈§§§§§§..@H$▓
_._...#§≈§§§§#.%#$.▓
._....#§§§≈≈≈▓..#$$▓
_.....#§≈§≈▓▓▓▓▓▓▓▓▓
#######§≈≈≈▓zz.
≈≈≈≈≈≈≈≈§≈≈▓z..≈
#######§▓▓▓▓▓▓▓▓ #▓▓


You could see 2 sphinxes.

Vanquished Creatures
  2 deep trolls (D)
  A yaktaur (D)
  3 polar bears (D)
  2 boulder beetles (D)
  2 hippogriffs (D)
  4 neqoxecs (D)
  Menkaure (D)
  A wasp (D)
  4 necrophages (D)
  3 crocodiles (D)
  A hell rat (D)
24 creatures vanquished.

Vanquished Creatures (others)
  A crocodile (D)
  8 tentacles (D)
  158 tentacle segments (D)
167 creatures vanquished.

Grand Total: 191 creatures vanquished

Notes
Turn   | Place    | Note
--------------------------------------------------------------
     0 | D        | Kidiri the Spriggan Enchanter began the quest for the Orb.
     0 | D        | Reached XP level 1. HP: 9/9 MP: 5/5
     1 | D        | Noticed a necrophage
     1 | D        | Noticed a necrophage
     1 | D        | Noticed a necrophage
     1 | D        | Noticed a necrophage
     9 | D        | Killed a necrophage
     9 | D        | Reached skill level 1 in Fighting
     9 | D        | Reached skill level 1 in Armour
     9 | D        | Reached skill level 5 in Dodging
     9 | D        | Reached skill level 7 in Stealth
     9 | D        | Reached XP level 2. HP: 14/14 MP: 4/8
     9 | D        | Reached XP level 3. HP: 18/18 MP: 5/10
     9 | D        | Reached XP level 4. HP: 22/22 MP: 5/11
    17 | D        | Killed a necrophage
    17 | D        | Reached skill level 5 in Short Blades
    17 | D        | Reached skill level 8 in Stealth
    17 | D        | Reached skill level 5 in Hexes
    17 | D        | Reached XP level 5. HP: 26/26 MP: 5/14
    23 | D        | Killed a necrophage
    23 | D        | Reached skill level 9 in Stealth
    26 | D        | Killed a necrophage
    26 | D        | Reached XP level 6. HP: 16/30 MP: 6/17
    35 | D        | Learned a level 2 spell: Ensorcelled Hibernation
    39 | D        | Learned a level 3 spell: Confuse
    43 | D        | Learned a level 3 spell: Tukima's Dance
    47 | D        | Learned a level 3 spell: Dazzling Spray
   211 | D        | Noticed a boulder beetle
   211 | D        | Noticed a boulder beetle
   214 | D        | Noticed a neqoxec
   214 | D        | Noticed a neqoxec
   214 | D        | Noticed a neqoxec
   214 | D        | Noticed a neqoxec
   217 | D        | Noticed a hippogriff
   217 | D        | Noticed a hippogriff
   220 | D        | Killed a hippogriff
   220 | D        | Reached skill level 10 in Stealth
   220 | D        | Reached skill level 1 in Ice Magic
   228 | D        | Killed a hippogriff
   228 | D        | Reached skill level 1 in Conjurations
   228 | D        | Reached XP level 7. HP: 34/34 MP: 13/19
   270 | D        | Killed a neqoxec
   270 | D        | Reached skill level 10 in Dodging
   270 | D        | Reached skill level 11 in Stealth
   272 | D        | Killed a neqoxec
   274 | D        | Killed a neqoxec
   277 | D        | Killed a neqoxec
   277 | D        | Reached XP level 8. HP: 40/40 MP: 18/22
   302 | D        | Killed a boulder beetle
   302 | D        | Reached skill level 12 in Stealth
   315 | D        | Killed a boulder beetle
   327 | D        | Noticed Menkaure
   329 | D        | Killed Menkaure
   347 | D        | Noticed an orange crystal statue
   350 | D        | Found Roleruciha's Distillery.
   351 | D        | Found Osenoh's Antique Weapon Boutique.
   352 | D        | Found Yskusuus's Antique Weapon Boutique.
   352 | D        | Found Ponn's Distillery.
   353 | D        | Found Goecs's Assorted Antiques.
   353 | D        | Found Mem Nuve's Jewellery Boutique.
   360 | D        | Found Xiokhlah's Magic Scroll Boutique.
   360 | D        | Found Sageg's Antique Armour Shop.
   362 | D        | Found Ethaif Ybig's Food Shop.
   363 | D        | Found Qeetaf's Distillery.
   363 | D        | Found Yfitaonk's Antique Armour Boutique.
   363 | D        | Found Kus Baon's Jewellery Shop.
   363 | D        | Found Erosapto's Book Boutique.
   364 | D        | Found Joimourr's Gadget Shop.
   364 | D        | Found Teluemeg's Book Boutique.
   366 | D        | Noticed an oklob plant
   367 | D        | Found Mone Iss's Book Shoppe.
   376 | D        | Noticed a polar bear
   388 | D        | Bought a book of Geomancy for 385 gold pieces
   394 | D        | Bought a faintly humming cloak for 190 gold pieces
   394 | D        | Bought a sheer robe for 114 gold pieces
   394 | D        | Bought a runed hat for 80 gold pieces
   399 | D        | Identified the +4 cloak of Necvum {*Corrode Str+4 Slay-5 Stlth+} (You bought it in a shop in the Dungeon)
   409 | D        | Identified the +0 robe of Coronation {rC+ Int+2 Stlth+} (You bought it in a shop in the Dungeon)
   442 | D        | Found a bloodstained altar of Trog.
   443 | D        | Found a viscous altar of Jiyva.
   443 | D        | Found a shadowy altar of Dithmenos.
   444 | D        | Found a sparkling altar of Nemelex Xobeh.
   444 | D        | Found an oddly glowing altar of Pakellas.
   445 | D        | Found a glowing golden altar of the Shining One.
   445 | D        | Found a sacrificial altar of Ru.
   445 | D        | Found an iron altar of Okawaru.
   445 | D        | Found a basalt altar of Yredelemnul.
   445 | D        | Found an opulent altar of Gozag.
   446 | D        | Found an ancient bone altar of Kikubaaqudgha.
   446 | D        | Found a corrupted altar of Lugonu.
   446 | D        | Found a radiant altar of Vehumet.
   447 | D        | Found a deep blue altar of Sif Muna.
   447 | D        | Found a snail-covered altar of Cheibriados.
   447 | D        | Found a shimmering altar of Xom.
   448 | D        | Found a white marble altar of Elyvilon.
   448 | D        | Found a roughly hewn altar of Beogh.
   449 | D        | Noticed a polar bear
   450 | D        | Noticed a yaktaur
   451 | D        | Noticed a polar bear
   451 | D        | Noticed a polar bear
   452 | D        | Killed a polar bear
   452 | D        | Reached skill level 13 in Stealth
   452 | D        | Reached skill level 10 in Spellcasting
   453 | D        | Killed a polar bear
   453 | D        | Reached XP level 9. HP: 39/44 MP: 22/24
   456 | D        | Killed a polar bear
   458 | D        | Killed a yaktaur
   458 | D        | Reached skill level 5 in Fighting
   471 | D        | Found a blossoming altar of Fedhas.
   471 | D        | Found a stormy altar of Qazlal.
   472 | D        | Found a burning altar of Makhleb.
   472 | D        | Found a glowing silver altar of Zin.
   477 | D        | Became a worshipper of Dithmenos the Shadowed
   481 | D        | Learned a level 2 spell: Passwall
   485 | D        | Learned a level 3 spell: Stone Arrow
   490 | D        | Learned a level 4 spell: Petrify
   496 | D        | Learned a level 5 spell: Lee's Rapid Deconstruction
   511 | D        | Noticed a kraken
   813 | D        | Reached skill level 10 in Short Blades
   813 | D        | Reached skill level 14 in Stealth
   820 | D        | Reached * piety under Dithmenos
   820 | D        | Reached skill level 1 in Invocations
   854 | D        | Noticed a deep troll
   855 | D        | Noticed a deep troll
   857 | D        | Killed a deep troll
   857 | D        | Reached skill level 1 in Transmutations
   857 | D        | Reached skill level 1 in Earth Magic
   858 | D        | Killed a deep troll
   878 | D        | Noticed a sphinx
   879 | D        | Noticed a sphinx
   882 | D        | Paralysed by a sphinx for 6 turns
   888 | D        | Mangled by a sphinx

Vault maps used:
D:        the_violet_keep_of_menkaure

Action                   |  1- 3 |  4- 6 |  7- 9 || total
-------------------------+-------+-------+-------++-------
Melee: Dagger            |     5 |    17 |    27 ||    49
 Cast: Corona            |     1 |       |       ||     1
       Ensorcelled Hiber |       |     2 |     9 ||    11
       Confuse           |       |       |     1 ||     1
       Dazzling Spray    |       |       |     2 ||     2
       Stone Arrow       |       |       |     1 ||     1
  Use: Potion            |     1 |       |       ||     1
       Scroll            |       |       |     5 ||     5
 Stab: Sleeping          |       |     2 |    17 ||    19
       Confused          |       |       |     1 ||     1
       Invisible         |       |       |     1 ||     1
